 Dungeon Crawl Stone Soup version 0.26-a0-651-gb41185065b (webtiles) character file.

Game seed: 8903709061978120583

169 thethe the Conjurer (level 5, -14/33 HPs)
             Began as a Halfling Conjurer on Sept 27, 2020.
             Demolished by an ogre
             ... wielding a +0 giant spiked club
              (26 damage)
             ... on level 3 of the Dungeon.
             The game lasted 00:05:32 (3793 turns).

thethe the Conjurer (Halfling Conjurer)             Turns: 3793, Time: 00:05:32

Health: -14/33     AC:  4    Str: 17    XL:     5   Next: 79%
Magic:  4/8        EV: 13    Int: 17    God:
Gold:   178        SH: 13    Dex: 17    Spells: 5/8 levels left

rFire    + . .     SeeInvis .   d - +0 dagger
rCold    . . .     Faith    .   y - +5 kite shield of Ferocious Miracles {rF+ Str+9 Dex+4 Stlth-}
rNeg     . . .     Spirit   .   a - +0 robe
rPois    .         Reflect  .   (no helmet)
rElec    .         Harm     .   k - +0 cloak
rCorr    .         Rampage  .   (no gloves)
MR       .....                  l - +0 pair of boots
Stlth    ++........             (no amulet)
HPRegen  0.11/turn              (no ring)
MPRegen  0.11/turn              (no ring)

@: no status effects
A: small, mutation resistance 1
a: no special abilities


You were on level 3 of the Dungeon.
You visited 1 branch of the dungeon, and saw 4 of its levels.

You collected 178 gold pieces.

Inventory:

Hand Weapons
 d - a +0 dagger (weapon)
Missiles
 b - 212 stones (quivered)
 j - 41 sling bullets
 m - 37 arrows
 p - 62 bolts
Armour
 a - a +0 robe (worn)
 k - a +0 cloak (worn)
 l - a +0 pair of boots (worn)
 y - the +5 kite shield of Ferocious Miracles (worn) {rF+ Str+9 Dex+4 Stlth-}
   (You found it on level 4 of the Dungeon)

   It affects your strength (+9).
   It affects your dexterity (+4).
   It protects you from fire.
   It makes you less stealthy.
Scrolls
 c - 2 scrolls of amnesia
 f - a scroll of noise {unknown}
 i - 6 scrolls of identify
 n - 2 scrolls of remove curse {unknown}
 o - a scroll of enchant weapon {unknown}
 v - 4 scrolls of immolation {unknown}
 x - a scroll of magic mapping {unknown}
Potions
 e - a potion of curing {unknown}
 g - a potion of ambrosia {unknown}
 h - a potion of resistance {unknown}
 q - a potion of haste {unknown}
 r - a potion of berserk rage {unknown}
 s - a potion of flight {unknown}
 t - a potion of heal wounds {unknown}
 u - 2 potions of mutation {unknown}
 w - a potion of degeneration {unknown}
 z - a potion of cancellation {unknown}


   Skills:
 + Level 1.5 Fighting
 + Level 3.3 Dodging
 + Level 3.4 Stealth
 * Level 0.6 Shields
 + Level 2.3 Spellcasting
 + Level 3.8 Conjurations


You had 5 spell levels left.
You knew the following spells:

 Your Spells              Type           Power        Failure   Level
a - Magic Dart            Conj           ##..         26%         1
b - Searing Ray           Conj           ##....       36%         2

Your spell library contained the following spells:

 Spells                   Type           Power        Failure   Level
 Dazzling Flash           Conj/Hex       #.....       86%         3
 Fulminant Prism          Conj/Hex       #.........   99%         4
 Iskenderun's Mystic Bla  Conj/Tloc      #.......     99%         4


Dungeon Overview and Level Annotations

Branches:
Dungeon (4/15)
 Temple: D:4-7

Altars:
Kikubaaqudgha


Innate Abilities, Weirdness & Mutations

You are small and have problems with some larger weapons.
You are somewhat resistant to further mutation.


Message History

Casting: Searing Ray (quite dangerous; 36% risk of failure)
Confirm with . or Enter, or press ? or * to list all spells.
The spell is quite dangerous to cast (36% risk of failure)!
Continue anyway?
Aiming: Searing Ray (quite dangerous; 36% risk of failure)
Press: ? - help, Shift-Dir - straight line, f/p - ogre
Aim: an ogre, wielding a +0 giant spiked club (lightly wounded)
You miscast Searing Ray.
Nothing appears to happen.
The hound barks!
There is a stone staircase leading up here.
The ogre hits you with a +0 giant spiked club!!
Ouch! That really hurt!
You block the hound's attack.
You climb upwards.
There is a stone staircase leading down here.
Your magical contamination has completely faded away.
Okay, then.
You block the ogre's attack.
The ogre hits you with a +0 giant spiked club!!
Ouch! That really hurt!
You die...

#.....# #######.#. #.###.#
#......#.# #.# #.# #######.#. #.#
#.#### ##.#.. #.# #....#
########### ##.#... #.# ####.#
#.........###.#.... #.# #.#
#.##########.#..... #.# #.#
#.#########.#...... #.#
#.######O@........#.)).).. #.#
#......)>...######........ #.#
########..#.### #.######## #<#
##..........# #.# ### #.#
##.......#.#.# #.######..
#.#######........#.#.# #........#
#.......<....).......# #.########
#########............###.........
##................>†....#


You could see an ogre.

Vanquished Creatures
  An iguana (D:4)
  A worker ant (D:3)
  4 adders
  An ooze (D:2)
  A worm (D:3)
  4 dart slugs
  2 leopard geckos (D:3)
  5 orcs
  2 bats
  5 giant cockroaches
  6 goblins
  8 hobgoblins
  5 kobolds
  A quokka (D:2)
  A ball python (D:4)
  8 frilled lizards
  11 rats
66 creatures vanquished.

Vanquished Creatures (others)
  A human (D:3)
1 creature vanquished.

Grand Total: 67 creatures vanquished

Notes
Turn   | Place    | Note
-------+----------+-------------------------------------------
     0 | D:1      | thethe the Halfling Conjurer began the quest for the Orb.
     0 | D:1      | Reached XP level 1. HP: 11/11 MP: 3/3
   366 | D:1      | Reached XP level 2. HP: 17/17 MP: 2/4
   937 | D:1      | Reached XP level 3. HP: 21/21 MP: 2/5
  1423 | D:2      | Learned a level 2 spell: Searing Ray
  1870 | D:2      | Reached XP level 4. HP: 23/27 MP: 1/7
  2534 | D:3      | Reached skill level 1 in Fighting
  2753 | D:3      | Found an ancient bone altar of Kikubaaqudgha.
  2766 | D:3      | Reached XP level 5. HP: 24/33 MP: 1/8
  2790 | D:3      | Noticed a human
  2791 | D:3      | Killed a human
  3657 | D:4      | Got a pitted kite shield
  3659 | D:4      | Identified the +5 kite shield of Ferocious Miracles {rF+
                  | Str+9 Dex+4 Stlth-} (You found it on level 4 of the
                  | Dungeon)
  3751 | D:4      | Noticed an ogre
  3793 | D:3      | Demolished by an ogre

Illustrated notes

Levels and vault maps discovered:
D:1:      eino_arrival_water_cross, layout_basic
D:2:      layout_basic
D:3:      wad_pebble_path, layout_loops_ring, tgw_kikubaaqudgha
D:4:      layout_rooms, gammafunk_ghost_mausoleum, serial_shops, shop_fountains,
          minmay_divided_ellipse

Skill      XL: |  1  2  3  4 |
---------------+-------------+-----
Spellcasting   | 2 |  2.3
Stealth        | 3 |  3.4
Fighting       | 1 |  1.5
Dodging        | 3 |  3.3
Shields        | |  0.6
Conjurations   | |  3.8

Action                   |  1- 3 |  4- 6 || total
-------------------------+-------+-------++-------
Melee: Dagger            |    23 |    13 ||    36
Throw: Stone             |     1 |     5 ||     6
 Cast: Magic Dart        |    48 |    19 ||    67
       Searing Ray       |     7 |    24 ||    31
  Use: Scroll            |       |     2 ||     2
Armor: Robe              |     7 |     3 ||    10
Dodge: Dodged            |    17 |    21 ||    38
Block: Kite shield       |       |     3 ||     3

Table legend: (Time is in decaauts)
 A = Elapsed time spent in this place.
 B = Non-inter-level travel time spent in this place.
 C = Inter-level travel time spent in this place.
 D = Time resting spent in this place.
 E = Time spent auto-exploring this place.
 F = Levels seen in this place.
 G = Mean time per level.
                   A        B        C        D        E       F      G
               +--------+--------+--------+--------+--------+-----+--------+
         Total |   3793 |   3698 |     95 |    111 |   3131 |   4 |  948.2 |
       Dungeon |   3793 |   3698 |     95 |    111 |   3131 |   4 |  948.2 |
               +--------+--------+--------+--------+--------+-----+--------+

Top non-repeatable levels by time:
     D:1: 1259 daAuts
     D:3: 1147 daAuts
     D:2: 1142 daAuts
     D:4: 244 daAuts
